 Dungeon Crawl Stone Soup version 0.29-a0-512-gf59ac788ac (webtiles) character file.

Game seed: 15085384640288313674

20189 ytrimaz the Cleaver (level 12, -17/111 (120) HPs)
             Began as a Demonspawn Fighter on May 29, 2022.
             Was the Champion of Jiyva.
             Demolished by a boulder beetle (36 damage)
             ... on level 13 of the Dungeon.
             The game lasted 00:19:07 (12609 turns).

ytrimaz the Cleaver (Demonspawn Fighter)           Turns: 12609, Time: 00:19:07

HP:   -17/111 (120) AC: 15    Str: 20    XL:     12   Next: 43%
MP:   21/21         EV: 25    Int:  9    God:    Jiyva [******]
Gold: 533           SH:  4    Dex: 15    Spells: 11/11 levels left

rFire   . . .      SeeInvis .   p - +4 hand axe (freeze)
rCold   . . .      Faith    .   (no shield)
rNeg    . . .      Spirit   .   w - +5 ring mail of Laygoad {Will+}
rPois   .          Reflect  .   (helmet restricted)
rElec   .          Harm     .   (no cloak)
rCorr   +          Rampage  .   (no gloves)
Will    +....                   (no boots)
Stlth   +.........              h - amulet of the acrobat
HPRegen 1.88/turn               i - ring of magical power
MPRegen 0.67/turn               (no ring)

@: acrobatic, drained
A: antennae 2, yellow scales 2, foul stench 1, condensation shield, beak, claws
1, sense surroundings 1, robust 2, evolution 2, jelly absorbing missiles
a: Renounce Religion, Oozemancy, Slimify


You were on level 13 of the Dungeon.
You worshipped Jiyva.
Jiyva was exalted by your worship.
You visited 1 branch of the dungeon, and saw 13 of its levels.
You also visited: Sewer.

You collected 533 gold pieces.

Inventory:

Hand Weapons
 a - a +0 war axe
 p - a +4 hand axe of freezing (weapon)
Missiles
 u - a throwing net (quivered)
Armour
 c - a +0 buckler
 d - a +0 plate armour
 w - the +5 ring mail of Laygoad (worn) {Will+}
   (You found it on level 8 of the Dungeon)

   Will:      It increases your willpower.
 y - a +0 troll leather armour
Jewellery
 h - an amulet of the acrobat (around neck)
 i - a ring of magical power (left claw)
 x - a +6 ring of intelligence
Wands
 e - a wand of flame (31)
 f - a wand of paralysis (7)
 r - a wand of iceblast (5)
Scrolls
 m - 2 scrolls of poison
 n - a scroll of amnesia
 v - a scroll of teleportation
 z - 2 scrolls of fear
 B - a scroll of silence {unknown}
 C - a scroll of blinking
Potions
 b - a potion of ambrosia
 g - 6 potions of brilliance
 j - a potion of lignification {unknown}
 k - a potion of invisibility
 l - a potion of haste
 o - a potion of mutation
 s - 3 potions of cancellation
 t - 3 potions of curing


   Skills:
 + Level 11.1 Fighting
 + Level 13.5 Axes
 + Level 9.8 Armour
 - Level 4.0 Shields


You had 11 spell levels left.
You didn't know any spells.
Your spell library contained the following spells:

 Spells                   Type           Power      Damage    Failure   Level
 Sublimation of Blood     Necr           0%         N/A       67%         2
 Wereblood                Tmut           0%         N/A       67%         2
 Dazzling Flash           Conj/Hex       0%         N/A       88%         3
 Iskenderun's Mystic Bla  Conj/Tloc      0%         2d3       99%         4
 Starburst                Conj/Fire      0%         6d3       100%        6
 Summon Hydra             Summ           0%         N/A       100%        7


Dungeon Overview and Level Annotations

Branches:
Dungeon (13/15)            Temple (0/1) D:5            Lair (0/6) D:10
    Orc (0/2) D:12         Vaults (0/5) D:13          Sewer (visited)

Altars:
Elyvilon
Hepliaklqana
Kikubaaqudgha
Ru
Uskayaw
Vehumet
Wu Jian
Zin

Shops:
D:4 !   D:11 (

Annotations:
D:13 Sonja


Innate Abilities, Weirdness & Mutations

You have a pair of antennae on your head.
You are mostly covered in yellow scales. (AC +3)
You may rarely emit foul miasma when damaged in melee.
A meltable shield of frost defends you. (SH +4)
You have a beak for a mouth.
You have sharp fingernails.
You passively map a small area around you.
You are very robust. (+20% HP)
You have great hidden genetic potential.
You have a small jelly attached to you that may absorb projectiles.


Message History

The acid corrodes the vampire mosquito!
The vampire mosquito is burned by acid!
The jelly barely misses the vampire mosquito.
The boulder beetle bites the jelly!!
The boulder beetle is burned by acid!
The vampire mosquito bites the jelly.
The vampire mosquito draws strength from the jelly's injuries!
The vampire mosquito is burned by acid!
The jelly hits the vampire mosquito.
The vampire mosquito is splashed with acid.
The boulder beetle curls into a ball and begins rolling!
A sphinx comes into view.
You hear a series of splatters.
The sphinx shouts!
Unknown command.
The sphinx attacks as you move away! The sphinx hits you!
The sphinx completely misses you. The sphinx misses you.
The meliai calls down the wrath of its god upon you.
Something smites you! You block the boulder beetle's attack.
The boulder beetle stops rolling and uncurls.
Unknown command.
The centaur warrior wields a +0 shortbow of freezing.
It is covered in frost.
The centaur warrior shoots an arrow.
The arrow completely misses you.
The meliai calls down the wrath of its god upon you.
Something smites you!
The centaur warrior shoots an arrow.
The arrow hits you!! The arrow freezes you!
The meliai calls down the wrath of its god upon you.
Something smites you!
The boulder beetle curls into a ball and begins rolling!
The meliai invokes the aid of its god against you.
Something smites you!
* * * LOW HITPOINT WARNING * * *
The centaur warrior shoots an arrow.
The arrow hits you!
* * * LOW HITPOINT WARNING * * *
The arrow freezes you.
* * * LOW HITPOINT WARNING * * *
The sphinx attacks as you move away! The sphinx completely misses you.
The sphinx hits you but does no damage. x2
You hear a distant slurping noise.
The boulder beetle hits you!!!
You die...

..........####.#
#####>.........#
#########.###..#
........#.#....###
#######.#..<.....#
#..####.######.#.#
..........y.°.y#.#
#..#####.#####°#.#
...#...T.pp{{{B#@#
........######{#B#
.p##..........○#○#
°####...#..c.{.H.#
##
##..#.########** #
#.## # , ... ,* **
#, ,.... , ,,, .
.### , ,,*,


You could see a sphinx and a boulder beetle (rolling).

Vanquished Creatures
  The ghost of osinmv the Impaler, a journeyman MiBe of Trog (D:12)
  2 boulder beetles (D:12)
  2 two-headed ogres
  A death drake (shapeshifter) (D:13)
  2 ugly things (D:13)
  2 cyclopes
  2 gargoyles (D:12)
  An unseen horror (D:13)
  A kobold demonologist (D:10)
  2 komodo dragons
  4 trolls
  A wraith (D:12)
  2 water elementals (D:12)
  24 yaks
  A steam dragon (D:9)
  9 vampire mosquitoes
  A basilisk (D:11)
  3 acid dragons
  4 water moccasins
  An ice beast (D:8)
  11 orc warriors
  2 sky beasts
  4 ogres
  3 centaurs
  5 kobold brigands (D:12)
  7 bullfrogs
  A necrophage (D:8)
  A scorpion (D:6)
  4 gnoll sergeants (D:12)
  7 wights
  16 killer bees
  2 howler monkeys
  5 electric eels (D:12)
  2 hounds
  A jelly (Sewer)
  A gnoll shaman (D:4)
  9 orc priests
  4 iguanas
  15 orc wizards
  7 gnolls
  A river rat (Sewer)
  12 adders
  A shadow imp (D:7)
  2 ufetubi
  4 worms
  2 dart slugs (D:1)
  54 orcs
  4 bats
  11 endoplasms
  6 giant cockroaches
  6 hobgoblins
  2 jackals (D:5)
  4 quokkas
  14 ball pythons
  6 frilled lizards
  9 goblins
  13 kobolds
  9 rats
333 creatures vanquished.

Vanquished Creatures (collateral kills)
  A boulder beetle (D:12)
  A deep elf knight (D:12)
  A cyclops (D:12)
3 creatures vanquished.

Vanquished Creatures (others)
  A wolf spider (D:12)
  A tengu conjurer (D:12)
  A raiju (shapeshifter) (D:12)
  4 slime creatures (D:12)
  A golden eye (shapeshifter) (D:13)
  An acid dragon (D:12)
  A sky beast (D:6)
  A phantom (D:6)
  2 centaurs
  A kobold brigand (D:9)
  A bullfrog (D:6)
  A scorpion (D:6)
  3 wights (D:7)
  An electric eel (D:12)
  2 orc priests
  50 jellies
  4 orc wizards
  A gnoll (D:12)
  A shadow imp (D:6)
  A worm (D:3)
  3 dart slugs
  6 orcs
  A goblin (D:3)
  A bat (D:3)
  A kobold (D:9)
  46 plants
137 creatures vanquished.

Grand Total: 473 creatures vanquished

Notes
Turn   | Place    | Note
-------+----------+-------------------------------------------
     0 | D:1      | ytrimaz the Demonspawn Fighter began the quest for the Orb.
     0 | D:1      | Reached XP level 1. HP: 18/18 MP: 1/1
   192 | D:1      | Reached skill level 2 in Axes
   192 | D:1      | Gained mutation: You are partially covered in yellow
                  | scales. (AC +2) [demonic ancestry]
   192 | D:1      | Reached XP level 2. HP: 3/24 MP: 2/2
   951 | D:1      | Reached XP level 3. HP: 29/29 MP: 3/3
  1712 | D:2      | Reached XP level 4. HP: 34/35 MP: 4/4
  1857 | D:2      | Reached skill level 3 in Axes
  2919 | D:3      | Found a glowing drain.
  2932 | Sewer    | Entered a sewer
  3004 | Sewer    | Gained mutation: A meltable shield of frost defends you.
                  | (SH +4) [demonic ancestry]
  3004 | Sewer    | Reached XP level 5. HP: 34/42 MP: 5/5
  3162 | Sewer    | Found a viscous altar of Jiyva.
  3176 | Sewer    | Became a worshipper of Jiyva Judebrus the Shapeless
  3273 | D:3      | Found a faded altar of an unknown god.
  3678 | D:3      | Reached * piety under Jiyva
  4005 | D:3      | Noticed a water moccasin
  4014 | D:3      | Killed a water moccasin
  4015 | D:3      | Reached skill level 4 in Axes
  4015 | D:3      | Gained mutation: You have a pair of small antennae on your
                  | head. [demonic ancestry]
  4015 | D:3      | Reached XP level 6. HP: 48/48 MP: 6/6
  4128 | D:4      | Found Girudobb's Distillery.
  4286 | D:4      | Found a radiant altar of Vehumet.
  4286 | D:4      | Reached ** piety under Jiyva
  4336 | D:4      | Identified the +1 whip "Cetisuce" {freeze, rPois Dex+4}
  4712 | D:4      | Reached skill level 5 in Axes
  4719 | D:4      | Reached XP level 7. HP: 47/55 MP: 7/7
  4926 | D:5      | Entered Level 5 of the Dungeon
  4977 | D:5      | Identified the +2 leather armour of a bailey {rElec Will-
                  | rCorr Str+3}
  5188 | D:5      | Reached *** piety under Jiyva
  5262 | D:5      | Found a staircase to the Ecumenical Temple.
  5311 | D:5      | Found a hazy altar of Hepliaklqana.
  5595 | D:6      | Reached skill level 5 in Fighting
  5643 | D:6      | Reached skill level 6 in Axes
  5643 | D:6      | Reached XP level 8. HP: 38/62 MP: 8/8
  5904 | D:6      | Reached **** piety under Jiyva
  6168 | D:7      | Reached skill level 5 in Armour
  6204 | D:7      | Reached skill level 7 in Axes
  6283 | D:7      | Found a hide-covered altar of Uskayaw.
  6355 | D:7      | Reached XP level 9. HP: 69/69 MP: 9/9
  6412 | D:7      | Gained mutation: You have sharp fingernails. [Jiyva's
                  | grace]
  6412 | D:7      | Gained mutation: You have very sharp fingernails. [Jiyva's
                  | grace]
  6412 | D:7      | Gained mutation: You have claws for hands. [Jiyva's grace]
  6412 | D:7      | Gained mutation: You are agile. (Dex +2) [Jiyva's grace]
  6487 | D:7      | Identified the +1 robe "Nuodazuf" {+Inv rF+ Str+3}
  6513 | D:7      | You fall into a shaft and drop 3 floors!
  6513 | D:10     | Entered Level 10 of the Dungeon
  6590 | D:10     | Reached skill level 8 in Axes
  6664 | D:9      | Reached ***** piety under Jiyva
  6949 | D:8      | Identified the +5 ring mail of Laygoad {Will+}
  7274 | D:7      | Found an ancient bone altar of Kikubaaqudgha.
  7357 | D:7      | Reached skill level 9 in Axes
  7395 | D:7      | Gained mutation: You have a pair of antennae on your head.
                  | [demonic ancestry]
  7395 | D:7      | Reached XP level 10. HP: 64/79 MP: 10/10
  7431 | D:7      | Found an ornate altar of the Wu Jian Council.
  7432 | D:7      | Found a sacrificial altar of Ru.
  7691 | D:8      | Gained mutation: You have a small jelly attached to you
                  | that may absorb projectiles. [Jiyva's grace]
  7691 | D:8      | Gained mutation: You expend magic power (3 MP) to
                  | strengthen your wands. [Jiyva's grace]
  7691 | D:8      | Gained mutation: You are somewhat resistant to further
                  | mutation. [Jiyva's grace]
  7691 | D:8      | Gained mutation: You are somewhat resistant to both further
                  | mutation and mutation removal. [Jiyva's grace]
  7913 | D:8      | Noticed a two-headed ogre
  7925 | D:8      | Killed a two-headed ogre
  8077 | D:9      | Reached skill level 10 in Axes
  8389 | D:9      | Reached ****** piety under Jiyva
  8752 | D:10     | Noticed a two-headed ogre
  8851 | D:10     | Killed a two-headed ogre
  8852 | D:10     | Reached skill level 11 in Axes
  8868 | D:10     | Found a staircase to the Lair.
  8981 | D:10     | Gained mutation: You are mostly covered in yellow scales.
                  | (AC +3) [demonic ancestry]
  8981 | D:10     | Reached XP level 11. HP: 87/87 MP: 11/11
  9279 | D:10     | Lost mutation: You have claws for hands. [Jiyva's grace]
  9279 | D:10     | Lost mutation: You are somewhat resistant to both further
                  | mutation and mutation removal. [Jiyva's grace]
  9279 | D:10     | Gained mutation: Your melee attacks may engulf your foes in
                  | ooze. [Jiyva's grace]
  9279 | D:10     | Gained mutation: You are robust. (+10% HP) [Jiyva's grace]
  9279 | D:10     | Gained mutation: You are very robust. (+20% HP) [Jiyva's
                  | grace]
  9279 | D:10     | Gained mutation: You are extremely robust. (+30% HP)
                  | [Jiyva's grace]
 10021 | D:11     | Found Xempurib's Weapon Shop.
 10239 | D:12     | Killed a wolf spider
 10556 | D:12     | Noticed a boulder beetle
 10643 | D:12     | Killed a boulder beetle
 10699 | D:12     | Reached skill level 12 in Axes
 10902 | D:12     | Found a staircase to the Orcish Mines.
 10925 | D:12     | Noticed a boulder beetle
 11006 | D:11     | Reached skill level 10 in Fighting
 11114 | D:12     | Lost mutation: You are extremely robust. (+30% HP) [potion
                  | of mutation]
 11114 | D:12     | Lost mutation: You have very sharp fingernails. [potion of
                  | mutation]
 11114 | D:12     | Lost mutation: Your melee attacks may engulf your foes in
                  | ooze. [potion of mutation]
 11140 | D:12     | Killed a boulder beetle
 11356 | D:12     | Lost mutation: You are agile. (Dex +2) [Jiyva's grace]
 11356 | D:12     | Lost mutation: You are somewhat resistant to further
                  | mutation. [Jiyva's grace]
 11356 | D:12     | Lost mutation: You expend magic power (3 MP) to strengthen
                  | your wands. [Jiyva's grace]
 11356 | D:12     | Gained mutation: You have a beak for a mouth. [Jiyva's
                  | grace]
 11356 | D:12     | Gained mutation: You have hidden genetic potential.
                  | [Jiyva's grace]
 11356 | D:12     | Gained mutation: You have great hidden genetic potential.
                  | [Jiyva's grace]
 11356 | D:12     | Gained mutation: You passively map a small area around you.
                  | [Jiyva's grace]
 11457 | D:12     | Found a runed translucent door.
 11457 | D:12     | Noticed osinmv's ghost (journeyman MiBe)
 11501 | D:12     | Gained mutation: You may rarely emit foul miasma when
                  | damaged in melee. [demonic ancestry]
 11501 | D:12     | Reached XP level 12. HP: 92/117 MP: 12/12
 11744 | D:12     | Reached skill level 13 in Axes
 11806 | D:12     | Noticed a boulder beetle
 11829 | D:12     | Killed a boulder beetle
 12217 | D:12     | Killed osinmv's ghost
 12375 | D:13     | Noticed Sonja
 12389 | D:13     | Noticed a centaur warrior
 12485 | D:13     | Noticed a tengu reaver
 12586 | D:13     | Found a gate to the Vaults.
 12586 | D:13     | Noticed a boulder beetle
 12586 | D:13     | Noticed a boulder beetle
 12586 | D:13     | Noticed a vault guard
 12586 | D:13     | Noticed a vault guard
 12586 | D:13     | Noticed a vault guard
 12586 | D:13     | Noticed a vault guard
 12586 | D:13     | Noticed a centaur warrior
 12600 | D:13     | Noticed a sphinx
 12609 | D:13     | Demolished by a boulder beetle

Illustrated notes

Levels and vault maps discovered:
D:1:      minmay_arrival_widening_spiral_wide, layout_basic, serial_bayou_pond_b
D:2:      layout_rooms, minmay_tromino_v2
D:3:      layout_basic, hellmonk_ecumenical_altar_lost_god,
          cheibrodos_sewer_entry_drain, roderic_roman_lattice,
          minmay_misc_feat_room, amcnicky_mini_rare_corridor_liquid
D:4:      layout_loops_ring, vehumet_crystals, serial_shops, shop,
          kennysheep_small_circle
D:5:      layout_cave_pools, nicolae_elyvilon_temple_path,
          worldfamousw_hep_ancestral_shrine, mainiacjoe_overflow_alcove_4,
          temple_pool_b
D:6:      layout_gridville, minmay_manual_mess
D:7:      layout_loops_ring, mainiacjoe_overflow_tiny_flanked,
          nicolae_overflow_hidden_temple, grunt_decor_cap, serial_bayou_pond_b,
          minmay_bent
D:8:      layout_basic
D:9:      layout_irregular_city, hex_large
D:10:     layout_irregular_city, david_lair_shrubbed
D:11:     layout_loops_corners, serial_shops, nicolae_shop_bloodbath_and_beyond
D:12:     layout_basic, kennysheep_orc_monster_closet_entryway,
          hellmonk_ghost_happy_afterlife, st_stairs_12,
          minmay_fractal_squares_gapless_7
D:13:     minmay_chopped_fan, layout_basic, lightli_vaults_fourway_checkpoint,
          uniq_sonja, uniq_nessos

Skill      XL: |  1  2  3  4  5  6  7  8  9 10 11 12 |
---------------+-------------------------------------+-----
Axes           | 2 3 4 5 6 7 9 11 12 13 | 13.5
Armour         | 3 4 6 7 8 9 |  9.8
Shields        | 3 4 |  4.0
Fighting       | 4 5 6 7 8 10 11 | 11.1

Action                   |  1- 3 |  4- 6 |  7- 9 | 10-12 || total
-------------------------+-------+-------+-------+-------++-------
Melee: War axe           |   108 |    68 |       |       ||   176
       Hand axe          |       |   137 |   432 |   764 ||  1333
       Punch             |       |       |       |    15 ||    15
       Peck              |       |       |       |    65 ||    65
Evoke: Wand              |       |       |       |     4 ||     4
  Use: Potion            |     1 |       |     5 |    10 ||    16
       Scroll            |       |     7 |     3 |     5 ||    15
 Stab: Invisible         |       |       |       |     6 ||     6
       Distracted        |       |       |       |     1 ||     1
Armor: Scale mail        |    60 |    83 |   125 |       ||   268
       Ring mail         |       |       |    15 |   259 ||   274
Dodge: Dodged            |    58 |   140 |   182 |   380 ||   760
Block: Buckler           |    26 |    75 |   148 |     6 ||   255
       Other             |       |       |       |   135 ||   135

Table legend: (Time is in decaauts)
 A = Elapsed time spent in this place.
 B = Non-inter-level travel time spent in this place.
 C = Inter-level travel time spent in this place.
 D = Time resting spent in this place.
 E = Time spent auto-exploring this place.
 F = Levels seen in this place.
 G = Mean time per level.
                   A        B        C        D        E       F      G
               +--------+--------+--------+--------+--------+-----+--------+
         Total |  12504 |  12088 |    416 |    743 |   8372 |  14 |  893.1 |
       Dungeon |  12149 |  11733 |    416 |    743 |   8153 |  13 |  934.5 |
         Sewer |    354 |    354 |      0 |      0 |    219 |   1 |  354.0 |
               +--------+--------+--------+--------+--------+-----+--------+

Top non-repeatable levels by time:
    D:12: 1952 daAuts
     D:3: 1587 daAuts
     D:2: 1221 daAuts
     D:1: 1169 daAuts
     D:7: 947 daAuts
    D:10: 877 daAuts
    D:11: 867 daAuts
     D:9: 775 daAuts
     D:4: 720 daAuts
     D:5: 617 daAuts
     D:6: 611 daAuts
     D:8: 581 daAuts
   Sewer: 354 daAuts
    D:13: 219 daAuts
